XFBL
CINCINNATI REDS @ CHICAGO CUBS
04/27/1982
 
TOP OF THE 1ST
Cincinnati Reds batting - Pitching for Chicago Cubs : RHP Oscar Sanchez
Pitching: RHP Oscar Sanchez
Batting: RHB Gary Matthews 0-0: DOUBLE (Line Drive, 78D, EV 101.9 MPH)
Batting: RHB Bill Melton 0-0: Foul Ball, location: 2F
0-1: Foul Ball, location: 2F
0-2: Foul Ball, location: 2F
0-2: Ball
1-2: Strikes out swinging
Batting: LHB Mike Easler 0-0: DOUBLE (Flyball, 89D, EV 100.6 MPH)
Gary Matthews scores
Batting: LHB Darrell Evans 0-0: Called Strike
0-1: Called Strike
0-2: Ball
1-2: Strikes out swinging, 2-3 out at first.
Batting: RHB Johnny Bench 0-0: Ball
1-0: Ball
2-0: Foul Ball, location: 2F
2-1: Called Strike
2-2: Foul Ball, location: 2F
2-2: Foul Ball, location: 2F
2-2: Foul Ball, location: 2F
2-2: Ground out 6-3 (Groundball, 6, EV 86.9 MPH)
Top of the 1st over - 1 run, 2 hits, 0 errors, 1 left on base; Cincinnati 1 - Chicago 0
BOTTOM OF THE 1ST
Chicago Cubs batting - Pitching for Cincinnati Reds : RHP Ramon Beltran
Pitching: RHP Ramon Beltran
Batting: RHB Gary Ward 0-0: Ball
1-0: Ball
2-0: Called Strike
2-1: Swinging Strike
2-2: SINGLE (Groundball, 4MD, EV 77.5 MPH) (infield hit)
Batting: RHB Bill Madlock 0-0: Ball
1-0: Grounds into double play, 4-6-3 (Groundball, 34, EV 102.5 MPH)
Batting: RHB Lonnie Smith 0-0: Swinging Strike
0-1: Ground out 6-3 (Groundball, 6, EV 102.5 MPH)
Bottom of the 1st over - 0 runs, 1 hit, 0 errors, 0 left on base; Cincinnati 1 - Chicago 0
TOP OF THE 2ND
Cincinnati Reds batting - Pitching for Chicago Cubs : RHP Oscar Sanchez
Batting: LHB Joseph Talley 0-0: Ball
1-0: Swinging Strike
1-1: Ball
2-1: SINGLE (Flyball, 89S, EV 91.3 MPH)
Batting: RHB Jim Anderson 0-0: Ball
1-0: Ball
2-0: Ball
3-0: Called Strike
3-1: Fly out, F8 (Flyball, 8RXD, EV 96.9 MPH)
Batting: RHB Jesus Alfaro 0-0: Swinging Strike
0-1: Fly out, F9 (Flyball, 9D, EV 100.6 MPH)
Batting: RHB Ramon Beltran 0-0: Hit by Pitch
Joseph Talley to second
Batting: RHB Gary Matthews 0-0: Ball
1-0: Reached on error, E6 (Groundball, 6M, EV 99.4 MPH)
Joseph Talley to third
Ramon Beltran to second
Batting: RHB Bill Melton 0-0: Ball
1-0: Called Strike
1-1: Called Strike
1-2: Fly out, F4 (Popup, 4, EV 70.6 MPH)
Top of the 2nd over - 0 runs, 1 hit, 1 error, 3 left on base; Cincinnati 1 - Chicago 0
BOTTOM OF THE 2ND
Chicago Cubs batting - Pitching for Cincinnati Reds : RHP Ramon Beltran
Batting: SHB Roy Smalley 0-0: Called Strike
0-1: Called Strike
0-2: Ball
1-2: Ball
2-2: Strikes out looking
Batting: LHB Johnny Grubb 0-0: Called Strike
0-1: Called Strike
0-2: Ball
1-2: Ball
2-2: Ball
3-2: Fly out, F8 (Flyball, 89D, EV 106.3 MPH)
Batting: RHB Randy Ready 0-0: Fly out, F8 (Flyball, 8RM, EV 91.3 MPH)
Bottom of the 2nd over - 0 runs, 0 hits, 0 errors, 0 left on base; Cincinnati 1 - Chicago 0
TOP OF THE 3RD
Cincinnati Reds batting - Pitching for Chicago Cubs : RHP Oscar Sanchez
Batting: LHB Mike Easler 0-0: Foul Ball, location: 2F
0-1: Swinging Strike
0-2: Strikes out swinging
Batting: LHB Darrell Evans 0-0: Fly out, F8 (Flyball, 8RD, EV 99.4 MPH)
Batting: RHB Johnny Bench 0-0: SINGLE (Line Drive, 4D, EV 100.0 MPH)
Batting: LHB Joseph Talley 0-0: Ball
1-0: Ball
2-0: Ball
3-0: Called Strike
3-1: Swinging Strike
3-2: Foul Ball, location: 2F
3-2: Base on Balls
Johnny Bench to second
Batting: RHB Jim Anderson 0-0: Foul Ball, location: 2F
0-1: Called Strike
0-2: Ball
1-2: Fly out, F9 (Flyball, 9, EV 90.6 MPH)
Top of the 3rd over - 0 runs, 1 hit, 0 errors, 2 left on base; Cincinnati 1 - Chicago 0
BOTTOM OF THE 3RD
Chicago Cubs batting - Pitching for Cincinnati Reds : RHP Ramon Beltran
Batting: RHB Bob Brenly 0-0: Called Strike
0-1: Fly out, F9 (Flyball, 9, EV 93.1 MPH)
Batting: RHB Willie Randolph 0-0: Ball
1-0: Fly out, F4 (Line Drive, 4, EV 65.6 MPH)
Batting: SHB Oscar Sanchez 0-0: Ground out 5-3 (Groundball, 56S, EV 90.6 MPH)
Bottom of the 3rd over - 0 runs, 0 hits, 0 errors, 0 left on base; Cincinnati 1 - Chicago 0
TOP OF THE 4TH
Cincinnati Reds batting - Pitching for Chicago Cubs : RHP Oscar Sanchez
Batting: RHB Jesus Alfaro 0-0: Called Strike
0-1: Ball
1-1: Ball
2-1: Swinging Strike
2-2: Ground out 6-3 (Groundball, 6, EV 96.9 MPH)
Batting: RHB Ramon Beltran 0-0: Ball
1-0: Called Strike
1-1: Called Strike
1-2: Ball
2-2: Foul Ball, location: 2F
2-2: Foul Ball, location: 2F
2-2: Strikes out swinging
Batting: RHB Gary Matthews 0-0: Foul Ball, location: 2F
0-1: Ball
1-1: SINGLE (Groundball, 6D, EV 104.4 MPH)
Batting: RHB Bill Melton 0-0: Ball
1-0: Ball
2-0: Foul Ball, location: 2F
2-1: Foul Ball, location: 2F
2-2: Ball
3-2: Ground out 4-3 (Groundball, 4M, EV 106.9 MPH)
Top of the 4th over - 0 runs, 1 hit, 0 errors, 1 left on base; Cincinnati 1 - Chicago 0
BOTTOM OF THE 4TH
Chicago Cubs batting - Pitching for Cincinnati Reds : RHP Ramon Beltran
Batting: RHB Gary Ward 0-0: Ball
1-0: Fly out, F9 (Flyball, 9LM, EV 91.9 MPH)
Batting: RHB Bill Madlock 0-0: Foul Ball, location: 2F
0-1: SINGLE (Flyball, 3D, EV 88.8 MPH)
Batting: RHB Lonnie Smith 0-0: Called Strike
Bill Madlock steals 2nd base
0-1: Ball
1-1: DOUBLE (Groundball, 5L, EV 94.4 MPH)
Bill Madlock scores
Batting: SHB Roy Smalley 0-0: Ball
Lonnie Smith steals 3rd base
1-0: Called Strike
1-1: Fly out, F8 (Flyball, 8LD, EV 90.0 MPH)
Runner from 3rd tags up, SCORES, no throw by CF
Batting: LHB Johnny Grubb 0-0: Called Strike
0-1: Called Strike
0-2: Ball
1-2: Ball
2-2: Foul Ball, location: 2F
2-2: Strikes out swinging
Bottom of the 4th over - 2 runs, 2 hits, 0 errors, 0 left on base; Cincinnati 1 - Chicago 2
TOP OF THE 5TH
Cincinnati Reds batting - Pitching for Chicago Cubs : RHP Oscar Sanchez
Batting: LHB Mike Easler 0-0: Called Strike
0-1: DOUBLE (Line Drive, 9LD, EV 111.9 MPH)
Batting: LHB Darrell Evans 0-0: Foul Ball, location: 2F
0-1: Ball
1-1: Ball
2-1: Called Strike
2-2: Ball
3-2: Strikes out swinging
Batting: RHB Johnny Bench 0-0: 2-RUN HOME RUN (Flyball, 7LD, EV 100.6 MPH), Distance : 398 ft
Batting: LHB Joseph Talley 0-0: Ball
1-0: Foul Ball, location: 2F
1-1: Ball
2-1: Called Strike
2-2: Strikes out swinging
Batting: RHB Jim Anderson 0-0: Ball
1-0: Called Strike
1-1: Ball
2-1: Swinging Strike
2-2: Strikes out swinging, 2-3 out at first.
Top of the 5th over - 2 runs, 2 hits, 0 errors, 0 left on base; Cincinnati 3 - Chicago 2
BOTTOM OF THE 5TH
Chicago Cubs batting - Pitching for Cincinnati Reds : RHP Ramon Beltran
Batting: RHB Randy Ready 0-0: Ball
1-0: Ball
2-0: Ball
3-0: Base on Balls
Batting: RHB Bob Brenly 0-0: Foul Ball, location: 2F
0-1: Ball
1-1: Ball
2-1: DOUBLE (Line Drive, 7LS, EV 93.8 MPH)
Randy Ready to third
Runner from 3rd tries for Home, SAFE, no throw by LF
Batting: RHB Willie Randolph 0-0: Ball
1-0: Ball
2-0: Called Strike
2-1: Ball
3-1: Called Strike
3-2: SINGLE (Line Drive, 34, EV 103.1 MPH)
Bob Brenly to third
Batting: SHB Oscar Sanchez 0-0: Ball
1-0: Called Strike
Willie Randolph steals 2nd, throwing error, E2
Bob Brenly scores
Willie Randolph to third
1-1: Ball
2-1: Ball
3-1: Fly out, F8 (Flyball, 8LS, EV 78.1 MPH)
Batting: RHB Gary Ward 0-0: Foul Ball, location: 2F
0-1: Ball
1-1: Foul Ball, location: 2F
1-2: Ball
2-2: DOUBLE (Flyball, 5D, EV 94.4 MPH)
Willie Randolph scores
Batting: RHB Bill Madlock 0-0: SINGLE (Line Drive, 8RS, EV 111.3 MPH)
Gary Ward to third
Runner from 3rd tries for Home, SAFE, throw by CF to home
Pitching: RHP Larry Dierker
Now at 2B: John Damon
Batting: RHB Lonnie Smith 0-0: Fielders Choice at 2nd, 5-4 (Groundball, 56, EV 108.1 MPH)
Batting: SHB Roy Smalley 0-0: Ball
Lonnie Smith steals 2nd base
1-0: DOUBLE (Line Drive, 78D, EV 101.9 MPH)
Lonnie Smith scores
Batting: LHB Johnny Grubb 0-0: Called Strike
0-1: Fly out, F8 (Line Drive, 8RM, EV 96.9 MPH)
Bottom of the 5th over - 5 runs, 5 hits, 1 error, 1 left on base; Cincinnati 3 - Chicago 7
TOP OF THE 6TH
Cincinnati Reds batting - Pitching for Chicago Cubs : RHP Oscar Sanchez
Batting: RHB Jesus Alfaro 0-0: Called Strike
0-1: DOUBLE (Line Drive, 7LM, EV 104.4 MPH)
Batting: RHB John Damon 0-0: Ball
1-0: Called Strike
1-1: Ball
2-1: Ball
3-1: Called Strike
3-2: Base on Balls
Batting: RHB Gary Matthews 0-0: Called Strike
0-1: Called Strike
0-2: Ball
1-2: Ball
2-2: Strikes out swinging
Batting: RHB Bill Melton 0-0: Ball
1-0: Called Strike
1-1: Ball
2-1: Grounds into double play, 5-4-3 (Groundball, 56, EV 85.0 MPH)
Top of the 6th over - 0 runs, 1 hit, 0 errors, 1 left on base; Cincinnati 3 - Chicago 7
BOTTOM OF THE 6TH
Chicago Cubs batting - Pitching for Cincinnati Reds : RHP Larry Dierker
Batting: RHB Randy Ready 0-0: Foul Ball, location: 2F
0-1: Called Strike
0-2: Foul Ball, location: 2F
0-2: Ball
1-2: Foul Ball, location: 2F
1-2: Ball
2-2: Foul Ball, location: 5F, Error on foul ball, E5
2-2: Ball
3-2: Ground out 1-3 (Groundball, 15S, EV 61.9 MPH)
Batting: RHB Bob Brenly 0-0: Called Strike
0-1: Ball
1-1: Swinging Strike
1-2: Ball
2-2: Ball
3-2: Foul Ball, location: 2F
3-2: Strikes out swinging
Batting: RHB Willie Randolph 0-0: Ball
1-0: Ground out 4-3 (Groundball, 4, EV 105.0 MPH)
Bottom of the 6th over - 0 runs, 0 hits, 1 error, 0 left on base; Cincinnati 3 - Chicago 7
TOP OF THE 7TH
Cincinnati Reds batting - Pitching for Chicago Cubs : RHP Oscar Sanchez
Pitching: RHP Paul Hartzell
Batting: LHB Mike Easler 0-0: Ball
1-0: Ball
2-0: Ball
3-0: Base on Balls
Batting: LHB Darrell Evans 0-0: Called Strike
0-1: Swinging Strike
0-2: Ball
1-2: Strikes out swinging
Batting: RHB Johnny Bench 0-0: Ball
1-0: Called Strike
1-1: Ball
2-1: Foul Ball, location: 2F
2-2: Ball
3-2: Strikes out swinging
Batting: LHB Joseph Talley 0-0: Ball
1-0: Ball
2-0: Foul Ball, location: 2F
2-1: Foul Ball, location: 2F
2-2: Ball
3-2: DOUBLE (Line Drive, 78D, EV 107.5 MPH)
Mike Easler to third
Mike Easler scores
Pinch Hitting: LHB Jim Bennett 0-0: Ball
1-0: Called Strike
1-1: Foul Ball, location: 2F
1-2: SINGLE (Line Drive, 78M, EV 92.5 MPH)
Joseph Talley to third
Runner from 3rd tries for Home, SAFE, throw by CF to home
Batting: RHB Jesus Alfaro 0-0: Foul Ball, location: 2F
0-1: Called Strike
0-2: Ball
1-2: Foul Ball, location: 2F
1-2: Foul Ball, location: 2F
1-2: Foul Ball, location: 2F
1-2: Ground out 5-3 (Groundball, 56S, EV 81.9 MPH)
Top of the 7th over - 2 runs, 2 hits, 0 errors, 1 left on base; Cincinnati 5 - Chicago 7
BOTTOM OF THE 7TH
Chicago Cubs batting - Pitching for Cincinnati Reds : RHP Larry Dierker
Pitching: LHP Pat Underwood
Pinch Hitting: RHB Jim Rice 0-0: Ball
1-0: Ground out 4-3 (Groundball, 4, EV 79.4 MPH)
Batting: RHB Gary Ward 0-0: Called Strike
0-1: Ball
1-1: Ball
2-1: Swinging Strike
2-2: Foul Ball, location: 2F
2-2: Foul Ball, location: 2F
2-2: SINGLE (Groundball, 56S, EV 66.9 MPH) (infield hit)
Batting: RHB Bill Madlock 0-0: DOUBLE (Flyball, 9LD, EV 98.8 MPH)
Gary Ward to third
Runner from 3rd tries for Home, SAFE, throw by RF to home
Batting: RHB Lonnie Smith 0-0: Intentional Walk
Batting: SHB Roy Smalley 0-0: Called Strike
0-1: Fly out, F8 (Flyball, 89D, EV 93.8 MPH)
Runner from 2nd tags up, SAFE at 3rd, no throw by CF
Batting: LHB Johnny Grubb 0-0: Fly out, F7 (Flyball, 7LM, EV 88.8 MPH)
Bottom of the 7th over - 1 run, 2 hits, 0 errors, 2 left on base; Cincinnati 5 - Chicago 8
TOP OF THE 8TH
Cincinnati Reds batting - Pitching for Chicago Cubs : RHP Paul Hartzell
Pitching: RHP Robert Weismiller
Batting: RHB John Damon 0-0: Foul Ball, location: 2F
0-1: Ball
1-1: Swinging Strike
1-2: DOUBLE (Line Drive, 78M, EV 91.3 MPH)
Batting: RHB Gary Matthews 0-0: Called Strike
0-1: Swinging Strike
0-2: Ball
1-2: Ball
2-2: Ball
3-2: Foul Ball, location: 2F
3-2: Foul Ball, location: 2F
3-2: Foul Ball, location: 2F
3-2: SINGLE (Line Drive, 78S, EV 98.8 MPH)
John Damon to third
Runner from 3rd tries for Home, SAFE, throw by LF to home
Batting: RHB Bill Melton 0-0: Called Strike
0-1: Ball
1-1: Bunt missed!
1-2: Grounds into double play, 6-4-3 (Groundball, 6, EV 76.9 MPH)
Batting: LHB Mike Easler 0-0: Ball
1-0: Ball
2-0: Called Strike
2-1: Foul Ball, location: 2F
2-2: Ball
3-2: Fly out, F9 (Flyball, 9, EV 95.6 MPH)
Top of the 8th over - 1 run, 2 hits, 0 errors, 0 left on base; Cincinnati 6 - Chicago 8
BOTTOM OF THE 8TH
Chicago Cubs batting - Pitching for Cincinnati Reds : LHP Pat Underwood
Batting: RHB Randy Ready 0-0: Swinging Strike
0-1: Swinging Strike
0-2: Ball
1-2: Strikes out swinging
Batting: RHB Bob Brenly 0-0: Called Strike
0-1: Fly out, F7 (Flyball, 78D, EV 89.4 MPH)
Batting: RHB Willie Randolph 0-0: Ball
1-0: Swinging Strike
1-1: Swinging Strike
1-2: Foul Ball, location: 2F
1-2: Fly out, F8 (Flyball, 8LS, EV 88.8 MPH)
Bottom of the 8th over - 0 runs, 0 hits, 0 errors, 0 left on base; Cincinnati 6 - Chicago 8
TOP OF THE 9TH
Cincinnati Reds batting - Pitching for Chicago Cubs : RHP Robert Weismiller
Now at SS: Fran Mullins
Now in LF: Dave Bergman
Batting: LHB Darrell Evans 0-0: Foul Ball, location: 2F
0-1: Ball
1-1: Ball
2-1: Foul Ball, location: 2F
2-2: Foul Ball, location: 2F
2-2: Ball
3-2: SOLO HOME RUN (Flyball, 7LD, EV 107.5 MPH), Distance : 396 ft
Batting: RHB Johnny Bench 0-0: Called Strike
0-1: Ball
1-1: Ball
2-1: Ball
3-1: Foul Ball, location: 2F
3-2: Foul Ball, location: 2F
3-2: Foul Ball, location: 2F
3-2: Strikes out looking
Batting: LHB Joseph Talley 0-0: Swinging Strike
0-1: Swinging Strike
0-2: Ball
1-2: Strikes out looking
Pinch Hitting: RHB Marco Mosquera 0-0: Swinging Strike
0-1: DOUBLE (Line Drive, 7LS, EV 111.9 MPH)
Pitching: RHP Tom Niedenfuer
Now at C: Rick Cerone
Batting: RHB Jesus Alfaro 0-0: Called Strike
0-1: Foul Ball, location: 2F
0-2: Ground out 5-3 (Groundball, 5, EV 95.6 MPH)
Top of the 9th over - 1 run, 2 hits, 0 errors, 1 left on base; Cincinnati 7 - Chicago 8
Thursday, July 23rd, 2020 - OOTP Baseball 21.5 Build 71